 Dungeon Crawl Stone Soup version 0.30-a0-989-g0d87f670db (webtiles) character file.

Game seed: 6876759488269776081

86 mandarbmax the Gusty (level 4, -4/24 HPs)
             Began as a Tengu Air Elementalist on Apr 3, 2023.
             Killed by their own static electricity (5 damage)
             ... on level 3 of the Dungeon.
             The game lasted 00:04:29 (2707 turns).

mandarbmax the Gusty (Tengu Air Elementalist)       Turns: 2707, Time: 00:04:30

Health: -4/24      AC:  2    Str:  9    XL:     4   Next: 50%
Magic:  8/9        EV: 12    Int: 17    God:
Gold:   123        SH:  0    Dex: 14    Spells: 5/8 levels left

rFire   . . .      SeeInvis .    m - staff of conjuration
rCold   . . .      Faith    .    (no shield)
rNeg    . . .      Spirit   .    a - +0 robe
rPois   .          Reflect  .    (helmet restricted)
rElec   .          Rampage  .    (no cloak)
rCorr   .                        (no gloves)
Will    .....                    (boots unavailable)
Stlth   ++                       (no amulet)
HPRegen 0.24/turn                (no ring)
MPRegen 0.11/turn                (no ring)

@: brilliant, lethally poisoned (-4 -> -7), attractive
A: beak, talons 3
a: no special abilities


You were on level 3 of the Dungeon.
You visited 1 branch of the dungeon, and saw 3 of its levels.

You collected 123 gold pieces.

Inventory:

Armour
 a - a +0 robe (worn)
Magical Staves
 m - a staff of conjuration (weapon)
Scrolls
 c - 2 scrolls of vulnerability {unknown}
 f - 2 scrolls of teleportation {unknown}
 i - 2 scrolls of enchant weapon {unknown}
 j - a scroll of identify {unknown}
 k - a scroll of magic mapping {unknown}
Potions
 b - a potion of magic
 e - a potion of attraction
 g - a potion of invisibility {unknown}
 h - a potion of heal wounds {unknown}
 l - a potion of ambrosia {unknown}


   Skills:
 + Level 2.6 Dodging
 - Level 2.0 Stealth
 + Level 2.8 Spellcasting
 + Level 3.1 Conjurations
 + Level 4.9 Air Magic


You had 5 spell levels left.
You knew the following spells:

 Your Spells              Type           Power      Damage    Failure   Level
a - Shock                 Conj/Air       100%       1d9       3%          1
b - Static Discharge      Conj/Air       72%        2-5/arc   4%          2

Your spell library contained the following spells:

 Spells                   Type           Power      Damage    Failure   Level
 Swiftness                Air            28%        N/A       7%          3
 Airstrike                Air            14%        2d(2-18)  24%         4


Dungeon Overview and Level Annotations

Branches:
Dungeon (3/15)

Altars:


Innate Abilities, Weirdness & Mutations

You have a beak for a mouth.
You have claws for feet.


Message History

You feel attractive to monsters. The orc barely misses you.
You closely miss the orc. You peck the orc.
The orc is severely wounded.
The orc closely misses you. The adder barely misses you.
Casting: Static Discharge (safe; 4% risk of failure)
Confirm with . or Enter, or press ? or * to list all spells.
You feel a surge of power!
The orc is struck by an arc of lightning.
You kill the orc!
You are struck by an arc of lightning.
The lightning grounds out.
The adder is struck by an arc of lightning.
The adder is heavily wounded.
You are struck by an arc of lightning.
The adder is struck by an arc of lightning.
The adder is severely wounded.
You are struck by an arc of lightning.
The lightning grounds out.
The adder misses you. The adder bites you.
You are poisoned.
The adder poisons you!
It was a potion of brilliance.
You feel clever all of a sudden.
You feel sick. The orc barely misses you. The adder closely misses you.
Unknown command.
Magic courses through your body.
You feel sick. The adder bites you but does no damage.
The orc hits you with a +2 morningstar of holy wrath!
* * * LOW HITPOINT WARNING * * *
Unknown command.
Casting: Static Discharge (safe; 4% risk of failure)
Confirm with . or Enter, or press ? or * to list all spells.
You feel a strong surge of power!
The orc is struck by an arc of lightning.
The orc is severely wounded.
You are struck by an arc of lightning.
* * * LOW HITPOINT WARNING * * *
The orc is struck by an arc of lightning.
You kill the orc!
You are struck by an arc of lightning.
You die...

~~♣~~♣~~~♣~~.~.......P♣P.
~.~~~~♣~P♣~§♣♣.......♣.♣♣
.~.♣~♣§P~S§♣....P.. ♣P.♣.
..†)....§P.........♣♣♣..P
.........§....♣.♣.♣.♣♣♣♣♣
♣.......§.§♣ ♣.♣.♣P♣.♣♣P.
♣........♣ ♣.♣.♣.♣.♣.♣..
♣...)♣♣♣♣.♣♣♣P♣.♣.♣.♣♣
♣♣..♣@♣♣.♣♣.♣♣.♣.♣.♣.♣
♣.♣S♣♣.♣.♣.♣.♣.♣.♣.♣.
♣.♣♣...♣♣).♣.♣♣♣.♣.♣..
.P. ♣♣.♣.)♣..PP♣♣♣.♣.♣.
♣.. ♣♣..♣P..♣♣..♣♣P♣.♣ ♣♣
♣♣..♣..♣ P♣..♣.♣.
♣♣...♣P. ♣♣..♣.. .)♣.♣♣♣♣
..♣..♣ ♣♣.♣PP. ♣..P♣.


You could see an adder.

Vanquished Creatures
  An adder (D:2)
  A dart slug (D:2)
  9 orcs
  2 ball pythons
  5 endoplasms
  3 giant cockroaches
  13 jackals
  5 kobolds
  2 quokkas (D:2)
  4 bats
  2 frilled lizards
  8 goblins
  5 rats
60 creatures vanquished.

Vanquished Creatures (others)
  43 plants (D:3)
43 creatures vanquished.

Grand Total: 103 creatures vanquished

Notes
Turn   | Place    | Note
-------+----------+-------------------------------------------
     0 | D:1      | mandarbmax the Tengu Air Elementalist began the quest for
                  | the Orb.
     0 | D:1      | Reached XP level 1. HP: 10/10 MP: 4/4
   152 | D:1      | Reached XP level 2. HP: 14/15 MP: 1/6
   821 | D:1      | Learned a level 2 spell: Static Discharge
   942 | D:1      | Reached XP level 3. HP: 19/19 MP: 2/7
  2112 | D:2      | Reached XP level 4. HP: 24/24 MP: 6/9
  2707 | D:3      | HP: 1/24 [/static electricity (2)]
  2707 | D:3      | Killed from afar by themself

Illustrated notes

Levels and vault maps discovered:
D:1:      minmay_arrival_up_and_down, layout_loops_corners
D:2:      layout_loops_ring, minivault_5, minmay_misc_feat_secret_circle
D:3:      wad_woods_pond, layout_rooms,
          nicolae_gozag_cash_rules_everything_around_me, zin_statuary,
          mainiacjoe_overflow_swirl

Skill      XL: |  1  2  3  4 |
---------------+-------------+-----
Conjurations   | 2 3 |  3.1
Dodging        | |  2.6
Stealth        | |  2.0
Spellcasting   | |  2.8
Air Magic      | |  4.9

Action                     |  1- 3 |  4- 6 || total
---------------------------+-------+-------++-------
  Melee: Unarmed           |     2 |       ||     2
         Peck              |     1 |     3 ||     4
         Kick              |     1 |       ||     1
         Staff             |       |     5 ||     5
   Cast: Shock             |    83 |    21 ||   104
         Static Discharge  |     3 |     4 ||     7
    Use: Potion            |       |     3 ||     3
 Armour: Robe              |     1 |     1 ||     2
  Dodge: Dodged            |     9 |    14 ||    23

Table legend: (Time is in decaauts)
 A = Elapsed time spent in this place.
 B = Non-inter-level travel time spent in this place.
 C = Inter-level travel time spent in this place.
 D = Time resting spent in this place.
 E = Time spent auto-exploring this place.
 F = Levels seen in this place.
 G = Mean time per level.
                   A        B        C        D        E       F      G
               +--------+--------+--------+--------+--------+-----+--------+
         Total |   2707 |   2620 |     87 |      0 |   2413 |   3 |  902.3 |
       Dungeon |   2707 |   2620 |     87 |      0 |   2413 |   3 |  902.3 |
               +--------+--------+--------+--------+--------+-----+--------+

Top non-repeatable levels by time:
     D:1: 1261 daAuts
     D:2: 1167 daAuts
     D:3: 278 daAuts
